 Dungeon Crawl Stone Soup version 0.28.0-47-ge53b351184 (webtiles) character file.

Game seed: 10941458134721053392

9 Ablot the Cutter (level 2, 0/29 HPs)
             Began as a Gnoll Chaos Knight on Apr 28, 2022.
             Was a Plaything of Xom.
             Succumbed to a goblin's poison
             ... on level 1 of the Dungeon.
             The game lasted 00:00:15 (129 turns).

Ablot the Cutter (Gnoll Chaos Knight)                Turns: 129, Time: 00:00:15

Health: 0/29       AC:  5    Str: 11    XL:     2   Next: 16%
Magic:  2/2        EV: 11    Int: 11    God:    Xom [..*...]
Gold:   0          SH:  0    Dex: 11    Spells: 1/1 levels left

rFire   . . .      SeeInvis .   a - +0 short sword (chaos)
rCold   . . .      Faith    .   (no shield)
rNeg    . . .      Spirit   .   b - +2 leather armour
rPois   .          Reflect  .   (no helmet)
rElec   .          Harm     .   (no cloak)
rCorr   .          Rampage  .   (no gloves)
Will    .....                   (no boots)
Stlth   +.........              (no amulet)
HPRegen 0.09/turn               (no ring)
MPRegen 0.08/turn               (no ring)

@: lethally poisoned (0 -> -16)
A: fangs 1, strong nose, distributed training
a: Renounce Religion


You were on level 1 of the Dungeon.
You worshipped Xom.
You were a toy of Xom.
You visited 1 branch of the dungeon, and saw 1 of its levels.

Inventory:

Hand Weapons
 a - a +0 short sword of chaos (weapon)
Armour
 b - a +2 leather armour (worn)
Potions
 c - a potion of invisibility {unknown}


   Skills:
 + Level 6.4 Fighting
 + Level 6.4 Short Blades
 + Level 0.3 Long Blades
 + Level 0.3 Axes
 + Level 0.3 Maces & Flails
 + Level 0.3 Polearms
 + Level 0.3 Staves
 + Level 0.3 Slings
 + Level 0.3 Bows
 + Level 0.3 Crossbows
 + Level 0.3 Throwing
 + Level 4.4 Armour
 + Level 2.4 Dodging
 + Level 0.3 Stealth
 + Level 0.3 Shields
 + Level 0.3 Unarmed Combat
 + Level 0.3 Spellcasting
 + Level 0.2 Conjurations
 + Level 0.2 Hexes
 + Level 0.2 Summonings
 + Level 0.2 Necromancy
 + Level 0.2 Translocations
 + Level 0.2 Transmutations
 + Level 0.2 Fire Magic
 + Level 0.2 Ice Magic
 + Level 0.2 Air Magic
 + Level 0.2 Earth Magic
 + Level 0.2 Poison Magic
 + Level 0.4 Invocations
 + Level 0.3 Evocations


You had one spell level left.
You didn't know any spells.
Your spell library was empty.

Dungeon Overview and Level Annotations

Branches:
Dungeon (1/15)

Altars:


Innate Abilities, Weirdness & Mutations

You have very sharp teeth.
Your uncanny sense of smell can sniff out nearby items.
Your experience applies equally to all skills.


Message History

You kill the giant cockroach!
The goblin closely misses you.
You barely miss the goblin. The goblin barely misses you.
You hit the goblin.
The goblin flickers and vanishes!
Deactivating autopickup; reactivate with Ctrl-A.
Something hits you. The hobgoblin hits you. Something hits you.
You see here a giant cockroach corpse.
You barely miss the hobgoblin. The hobgoblin closely misses you.
Something completely misses you.
You hit the hobgoblin but do no damage.
The hobgoblin hits you but does no damage.
You closely miss the hobgoblin. Something hits you.
You are poisoned.
The hobgoblin hits you but does no damage.
You hit the hobgoblin.
The hobgoblin seems to speed up.
Xom thinks this is hilarious!
The hobgoblin is almost dead.
You feel sick. Something hits you but does no damage.
You are lethally poisoned!
The hobgoblin closely misses you.
You closely miss the hobgoblin.
The hobgoblin is almost dead.
You feel very sick. The hobgoblin barely misses you.
Something hits you but does no damage.
You are more poisoned.
You hit something. You bite something.
Reactivating autopickup.
You feel a bit more experienced.
You feel very sick. The hobgoblin hits you.
* * * LOW HITPOINT WARNING * * *
* * * LOW HITPOINT WARNING * * *
You feel very sick. The hobgoblin closely misses you.
The hobgoblin barely misses you.
You see here a +0 dagger of venom.
You hit the hobgoblin.
You kill the hobgoblin!
You die...
Xom guffaws!

############### #>
.............. ###.#
####.......[...# #...#
#.......$......#
#.#.#####.##...........#
#.#.............††......
#.#.##.###......@.....)#
#......................#
..............?........#
.....###...............#
............#######....#
.....††)..### ###.#
...###.#### ..
.........#######
.......#.......#


There were no monsters in sight!

Vanquished Creatures
  A bat (D:1)
  A giant cockroach (D:1)
  A hobgoblin (D:1)
  2 jackals (D:1)
  3 goblins (D:1)
  A rat (D:1)
9 creatures vanquished.

Notes
Turn   | Place    | Note
-------+----------+-------------------------------------------
     0 | D:1      | Ablot the Gnoll Chaos Knight began the quest for the Orb.
     0 | D:1      | Reached XP level 1. HP: 23/23 MP: 1/1
    14 | D:1      | XOM: smoke on damage
   117 | D:1      | Reached XP level 2. HP: 28/29 MP: 2/2
   129 | D:1      | Succumbed to a goblin's poison

Illustrated notes

Levels and vault maps discovered:
D:1:      dpeg_arrival_windows_large_door, layout_basic,
          minmay_misc_feat_columns

Action                   || total
-------------------------++-------
Melee: Short sword       ||    33
       Bite              ||     6
Armor: Leather armour    ||    15
Dodge: Dodged            ||    23
